 Dungeon Crawl Stone Soup version 0.24-a0-584-g9d6b971ae4 (webtiles) character file.

Game seed: 11336072437232335761, levelgen mode: deterministic

63620 Melior the Destroyer (level 14, -4/110 HPs)
             Began as a Demonspawn Wizard on Sept 1, 2019.
             Was a High Priest of Vehumet.
             Slain by a manticore (8 damage)
             ... on level 13 of the Dungeon.
             The game lasted 02:59:28 (23891 turns).

Melior the Destroyer (Demonspawn Wizard)           Turns: 23891, Time: 02:59:29

Health: -4/110     AC: 15    Str: 15    XL:     14   Next: 68%
Magic:  15/30      EV: 12    Int: 25    God:    Vehumet [*****.]
Gold:   2654       SH:  8    Dex: 14    Spells: 7/37 levels left

rFire    . . .     SeeInvis +   e - +5 long sword (vamp)
rCold    . . .     Gourm    .   (no shield)
rNeg     . . .     Faith    +   I - +4 scale mail {rF+}
rPois    +         Spirit   .   C - +0 helmet
rElec    +         Reflect  .   (no cloak)
rCorr    .         Harm     .   z - +0 pair of gloves of Omission {rPois rF- Str+7 Slay+2}
MR       +....                  (no boots)
Stlth    +.........             U - amulet of faith
HPRegen  0.28/turn              Q - ring "Xozefaota" {rElec Dex+3 SInv}
MPRegen  0.22/turn              s - +2 ring of slaying

@: barbed spikes, slowed, very slow
A: talons 2, large bone plates 3, powered by death 1, screaming 1, rot immunity
a: Renounce Religion


You were on level 13 of the Dungeon.
You worshipped Vehumet.
Vehumet was extremely pleased with you.
You were hungry.

You visited 3 branches of the dungeon, and saw 21 of its levels.

You collected 2654 gold pieces.

Inventory:

Hand Weapons
 e - a +5 vampiric long sword (weapon)
 S - the +1 dire flail "Dragonslayer" {speed, rF+ MR+ Str-4, unknown}
   (You found it on level 6 of the Lair of Beasts)

   Attacks with this weapon are significantly faster.
   It affects your strength (-4).
   It protects you from fire.
   It affects your resistance to hostile enchantments.
Missiles
 E - 44 poisoned darts
 H - 4 javelins (quivered)
 Z - 6 boomerangs of dispersal
Armour
 z - the +0 pair of gloves of Omission (worn) {rPois rF- Str+7 Slay+2}
   (You found it on level 8 of the Dungeon)

   It affects your strength (+7).
   It affects your accuracy and damage with ranged weapons and melee attacks
   (+2).
   It makes you vulnerable to fire.
   It protects you from poison.
 C - a +0 helmet (worn)
 I - a +4 scale mail of fire resistance (worn)
Jewellery
 s - a +2 ring of slaying (right hand)
 t - an uncursed amulet of regeneration
 w - an uncursed ring of fire
 Q - the ring "Xozefaota" (left hand) {rElec Dex+3 SInv}
   (You found it on level 4 of the Lair of Beasts)

   [ring of see invisible]

   It affects your dexterity (+3).
   It insulates you from electricity.
   It lets you see invisible.
 U - an amulet of faith (around neck)
Wands
 c - a wand of flame (28)
 j - a wand of random effects (80)
 p - a wand of digging (4)
 y - a wand of acid (31)
 D - a wand of scattershot (6)
 G - a wand of polymorph (11)
 M - a wand of enslavement (4)
 V - a wand of paralysis (8)
Scrolls
 a - a scroll of enchant armour {unknown}
 n - 6 scrolls of remove curse
 q - 4 scrolls of amnesia
 r - a scroll of silence
 v - 4 scrolls of teleportation
 x - a scroll of vulnerability {unknown}
 B - 4 scrolls of fog
 J - a scroll of blinking
 K - 2 scrolls of magic mapping
 N - 2 scrolls of fear
 T - 4 scrolls of immolation
 Y - a scroll of acquirement {unknown}
Potions
 b - a potion of cancellation {unknown}
 f - 3 potions of agility
 g - a potion of mutation {unknown}
 h - 2 potions of magic
 i - 17 potions of curing
 k - 3 potions of heal wounds
 l - 3 potions of lignification
 m - 5 potions of brilliance
 o - 3 potions of haste
 A - 4 potions of might
 L - a potion of flight {unknown}
 O - a potion of ambrosia {unknown}
 W - a potion of resistance {unknown}
Miscellaneous
 F - a fan of gales
 P - a sack of spiders
 R - a lamp of fire
 X - a box of beasts
Comestibles
 d - 25 rations
 u - 8 chunks of flesh


   Skills:
 - Level 10.0 Fighting
 - Level 10.0 Armour
 - Level 5.0 Dodging
 - Level 2.0 Stealth
 + Level 12.4 Spellcasting
 + Level 12.9 Conjurations
   Level 1.0 Summonings
 - Level 3.2 Translocations
 - Level 8.0 Earth Magic
 - Level 5.0 Poison Magic


You had 7 spell levels left.
You knew the following spells:

 Your Spells              Type           Power        Failure   Level  Hunger
a - Stone Arrow           Conj/Erth      ######       1%          3    None
b - Blink                 Tloc           N/A          4%          2    None
c - Iron Shot             Conj/Erth      ######....   7%          6    #####..
d - Lee's Rapid Deconstr  Erth           ######....   3%          5    ###....
e - Mephitic Cloud        Conj/Pois/Air  #####...     1%          3    None
g - Ignite Poison         Fire/Tmut/Pois ###.....     4%          3    None
h - Fulminant Prism       Conj/Hex       #####.....   2%          4    None
i - Olgreb's Toxic Radia  Pois           #####...     4%          4    None

Your spell library contained the following spells:

 Spells                   Type           Power        Failure   Level  Hunger
 Bolt of Cold             Conj/Ice       #####.....   30%         6    #####..
 Magic Dart               Conj           ####         1%          1    None
 Sandblast                Erth           ######       1%          1    None
 Sting                    Conj/Pois      ####         1%          1    None
 Searing Ray              Conj           ######       1%          2    None
 Throw Frost              Conj/Ice       #####.       1%          2    None
 Conjure Flame            Conj/Fire      #####...     1%          3    None
 Dazzling Spray           Conj/Hex       #####.       1%          3    None
 Force Lance              Conj/Tloc      ######..     1%          4    None
 Iskenderun's Mystic Bla  Conj           ######..     1%          4    None
 Throw Icicle             Conj/Ice       #####...     2%          4    None
 Venom Bolt               Conj/Pois      ######....   2%          5    ###....
 Freeze                   Ice            ###.         3%          1    None
 Passwall                 Tmut/Erth      #####...     3%          2    None
 Poisonous Vapours        Pois/Air       ####..       6%          2    None
 Fireball                 Conj/Fire      #####.....   6%          5    ###....
 Gell's Gravitas          Tloc           ####......   10%         3    None
 Confusing Touch          Hex            ###...       12%         1    None
 Call Imp                 Summ           ###.....     12%         2    None
 Spider Form              Tmut/Pois      ####......   12%         3    None
 Slow                     Hex            ###.....     17%         2    None
 Portal Projectile        Hex/Tloc       ###...       19%         3    None
 Petrify                  Tmut/Erth      #####...     22%         4    None
 Bolt of Fire             Conj/Fire      #####.....   30%         6    #####..
 Confuse                  Hex            ###.....     34%         3    None
 Ozocubu's Armour         Chrm/Ice       ###.....     34%         3    None
 Yara's Violent Unravell  Hex/Tmut       ###.......   58%         5    ###....
 Summon Ice Beast         Ice/Summ       ###.....     67%         4    None
 Alistair's Intoxication  Tmut/Pois      ####....     75%         5    ###....
 Blade Hands              Tmut           ###.......   97%         5    ###....
 Metabolic Englaciation   Hex/Ice        ###.......   97%         5    ###....
 Dispersal                Tloc           ####......   99%         6    #####..
 Dragon Form              Tmut           ###.......   100%        7    ######.
 Ring of Flames           Chrm/Fire      ###.......   100%        7    ######.
 Controlled Blink         Tloc           N/A          100%        8    #######
 Disjunction              Tloc           ####......   100%        8    #######
 Ignition                 Fire           ###.......   100%        8    #######


Dungeon Overview and Level Annotations

Branches:
Dungeon (13/15)            Temple (0/1) D:4            Lair (6/6) D:10
 Shoals (0/4) Lair:4        Snake (0/4) Lair:3        Slime (0/5) Lair:6
    Orc (2/2) D:9             Elf (0/3) Orc:2
 Vaults: D:13-14

Altars:
Ashenzari
Elyvilon
Hepliaklqana
Kikubaaqudgha
Trog
Uskayaw
Vehumet
Yredelemnul
Zin
The Shining One

Shops:
Orc:1 :   Orc:2 [*(=

Annotations:
D:9 2 transporters, Zero's ghost, novice GrBe


Innate Abilities, Weirdness & Mutations

You have razor-sharp toenails.
You are completely covered in large bone plates. (SH +8)
You regenerate a little health from kills.
You are immune to rotting.
You occasionally shout uncontrollably at your foes.


Message History

You feel as though you will be slow longer.
The manticore bites you!
* * * LOW HITPOINT WARNING * * *
The manticore claws you.
* * * LOW HITPOINT WARNING * * *
The manticore barely misses you.
Casting: Stone Arrow (safe; 1% risk of failure)
Confirm with . or Enter, or press ? or * to list all spells.
Aiming: Stone Arrow (safe; 1% risk of failure)
Press: ? - help, Shift-Dir - straight line, f - manticore
Aim: a manticore (severely wounded)
The stone arrow hits the manticore!
The manticore is almost dead.
The wraith hits you!
* * * LOW HITPOINT WARNING * * *
The manticore bites you!
* * * LOW HITPOINT WARNING * * *
The manticore claws you but does no damage.
The manticore claws you!
You die...

..# #.# #.# #.#
.####################.#
......[...............#
).....................#
......H@...>..........#
####..W##############รท#
#... #.# #... #.# #...
#.# .... ########.#
..... .........# #..
...... .........# #..
########.#


You could see a manticore and a wraith.

Vanquished Creatures
  An orc warlord (Orc:2)
  Nessos (Lair:6)
  A dire elephant (Lair:6)
  7 hydras
  A merfolk avatar (Lair:6)
  A death knight (D:11)
  4 orc high priests (Orc:2)
  3 two-headed ogres
  An unseen horror (D:11)
  4 lindwurms (Lair:4)
  Pikel (D:8)
  7 orc sorcerers
  2 cyclopes
  4 orc knights (Orc:2)
  3 manticores
  An oklob plant (Lair:6)
  3 ugly things
  2 elephants
  Psyche (D:8)
  5 black mambas
  A centaur skeleton (D:12)
  9 spiny frogs
  5 rime drakes (Lair:6)
  13 komodo dragons
  5 trolls
  4 polar bears
  2 hornets (Lair:6)
  2 wind drakes (Lair:6)
  A slime creature (Lair:1)
  8 blink frogs
  8 hippogriffs
  Sigmund (D:2)
  A wraith (D:11)
  A shadow (D:12)
  5 wyverns
  35 yaks
  4 basilisks
  3 wargs
  Menkaure (D:5)
  Edmund (D:4)
  Duvessa (D:6)
  20 water moccasins
  7 porcupines
  3 sky beasts
  2 ice beasts
  A black bear (D:9)
  12 ogres
  A phantom (D:10)
  40 orc warriors
  6 necrophages (Lair:5)
  5 wolves
  9 centaurs
  15 crocodiles
  3 big kobolds
  17 bullfrogs
  5 scorpions
  A wyvern skeleton (D:11)
  Dowan (D:6)
  16 killer bees
  4 wights
  A howler monkey (D:5)
  A bullfrog zombie (D:12)
  2 crimson imps
  2 centaur zombies (D:11)
  25 orc priests
  10 hounds
  6 jellies
  35 orc wizards
  4 bullfrog skeletons
  Ijyb (D:4)
  2 iguanas
  Natasha (thrice) (D:2)
  11 worker ants
  2 hound zombies
  4 gnolls (D:8)
  A howler monkey zombie (D:4)
  12 adders
  3 shadow imps
  17 oozes
  An adder zombie (D:6)
  An adder skeleton (D:4)
  5 worms
  3 dart slugs (D:1)
  5 leopard geckos
  90 orcs
  3 ball pythons
  4 bat zombies (D:9)
  4 giant cockroaches
  8 goblins
  10 hobgoblins
  5 jackals
  5 quokkas
  8 bats
  5 frilled lizards
  A jackal skeleton (D:3)
  31 kobolds
  A leopard gecko zombie (D:6)
  12 rats
  4 fungi
  2 plants
682 creatures vanquished.

Vanquished Creatures (others)
  A water moccasin (Lair:6)
  3 kobolds (D:4)
  4 fulminant prisms
  15 fungi
  16 plants (Lair:6)
39 creatures vanquished.

Grand Total: 721 creatures vanquished

Notes
Turn   | Place    | Note
-------+----------+-------------------------------------------
     0 | D:1      | Melior the Demonspawn Wizard began the quest for the Orb.
     0 | D:1      | Reached XP level 1. HP: 13/13 MP: 4/4
   221 | D:1      | Gained mutation: You are partially covered in large bone
                  | plates. (SH +4) [demonic ancestry]
   221 | D:1      | Reached XP level 2. HP: 19/20 MP: 0/6
   614 | D:1      | Learned a level 2 spell: Blink
   663 | D:1      | Reached skill level 1 in Fighting
   663 | D:1      | Reached XP level 3. HP: 22/26 MP: 1/7
   671 | D:1      | Learned a level 3 spell: Mephitic Cloud
  1543 | D:2      | Noticed Natasha
  1555 | D:2      | Killed Natasha
  1555 | D:2      | Reached XP level 4. HP: 32/32 MP: 0/9
  2130 | D:2      | Noticed Natasha
  2142 | D:2      | Killed Natasha
  2246 | D:2      | Noticed Sigmund
  2327 | D:2      | Noticed Natasha
  2440 | D:2      | Killed Natasha
  2440 | D:2      | Gained mutation: You regenerate a little health from kills.
                  | [demonic ancestry]
  2440 | D:2      | Reached XP level 5. HP: 38/38 MP: 5/10
  2848 | D:3      | Learned a level 2 spell: Call Imp
  2852 | D:3      | Learned a level 3 spell: Conjure Flame
  2988 | D:2      | Found a white marble altar of Elyvilon.
  3153 | D:3      | Found a radiant altar of Vehumet.
  3153 | D:3      | Found a glowing silver altar of Zin.
  3214 | D:3      | Became a worshipper of Vehumet
  3325 | D:3      | Found a shattered altar of Ashenzari.
  4006 | D:4      | Noticed Edmund
  4031 | D:4      | Gained mutation: You are mostly covered in large bone
                  | plates. (SH +6) [demonic ancestry]
  4031 | D:4      | Reached XP level 6. HP: 30/46 MP: 3/12
  4212 | D:4      | Reached * piety under Vehumet
  4212 | D:4      | Offered knowledge of Sting by Vehumet.
  4213 | D:4      | Killed Edmund
  4214 | D:4      | Noticed Ijyb
  4354 | D:4      | Reached skill level 5 in Conjurations
  4365 | D:4      | Reached XP level 7. HP: 42/52 MP: 6/13
  4829 | D:4      | Killed Ijyb
  5115 | D:4      | Found a staircase to the Ecumenical Temple.
  5236 | D:4      | Found a basalt altar of Yredelemnul.
  5236 | D:4      | Found a hazy altar of Hepliaklqana.
  5575 | D:2      | Killed Sigmund
  5575 | D:2      | Reached skill level 5 in Spellcasting
  5650 | D:5      | Entered Level 5 of the Dungeon
  5670 | D:5      | Reached XP level 8. HP: 60/60 MP: 8/15
  5915 | D:5      | Noticed Menkaure
  6356 | D:6      | Noticed a +0 dagger
  6356 | D:6      | Noticed a +0 hand axe
  6357 | D:6      | Noticed Duvessa
  6360 | D:6      | Noticed Dowan
  6597 | D:6      | Reached ** piety under Vehumet
  6597 | D:6      | Reached skill level 5 in Fighting
  6661 | D:6      | Offered knowledge of Sandblast by Vehumet.
  6938 | D:6      | Found a hide-covered altar of Uskayaw.
  7182 | D:6      | Killed Dowan
  7193 | D:6      | Killed Duvessa
  7767 | D:6      | Reached skill level 1 in Armour
  7948 | D:6      | Reached XP level 9. HP: 59/68 MP: 6/18
  8376 | D:7      | Offered knowledge of Stone Arrow by Vehumet.
  8710 | D:7      | Learned a level 3 spell: Stone Arrow
  9237 | D:8      | Noticed a two-headed ogre
  9248 | D:7      | Killed a two-headed ogre
  9248 | D:7      | Reached skill level 10 in Conjurations
  9389 | D:8      | Reached *** piety under Vehumet
  9449 | D:8      | Noticed Pikel
  9472 | D:8      | Killed Pikel
  9472 | D:8      | Gained mutation: You are completely covered in large bone
                  | plates. (SH +8) [demonic ancestry]
  9472 | D:8      | Reached XP level 10. HP: 74/74 MP: 6/21
  9570 | D:8      | Got a pair of ichor-stained gloves
  9576 | D:8      | Identified the cursed +0 pair of gloves of Omission {rPois
                  | rF- Str+7 Slay+2} (You found it on level 8 of the Dungeon)
  9590 | D:8      | Noticed Psyche
  9598 | D:8      | Killed Psyche
  9598 | D:8      | Reached skill level 1 in Translocations
  9858 | D:8      | Offered knowledge of Ignite Poison by Vehumet.
  9863 | D:8      | Learned a level 3 spell: Ignite Poison
 10214 | D:5      | Killed Menkaure
 10214 | D:5      | Reached skill level 5 in Armour
 10308 | D:9      | Noticed Zero's ghost (novice GrBe)
 10309 | D:9      | Found a transporter.
 10348 | D:9      | Noticed an ice dragon
 10510 | D:9      | Found a transporter.
 10665 | D:9      | Found an ancient bone altar of Kikubaaqudgha.
 10754 | D:9      | Found a white marble altar of Elyvilon.
 10786 | D:9      | Found a staircase to the Orcish Mines.
 11164 | D:10     | Entered Level 10 of the Dungeon
 11171 | D:10     | Reached **** piety under Vehumet
 11220 | D:10     | Offered knowledge of Fulminant Prism by Vehumet.
 11226 | D:10     | Learned a level 4 spell: Fulminant Prism
 11231 | D:10     | Learned a level 4 spell: Olgreb's Toxic Radiance
 11231 | D:10     | Noticed an elephant
 11297 | D:10     | Killed an elephant
 11297 | D:10     | Reached skill level 1 in Poison Magic
 11394 | D:10     | Found a staircase to the Lair.
 11745 | D:10     | Reached skill level 10 in Spellcasting
 11745 | D:10     | Gained mutation: You have sharp toenails. [demonic
                  | ancestry]
 11745 | D:10     | Reached XP level 11. HP: 79/79 MP: 8/25
 12154 | D:11     | Killed an unseen horror
 12290 | D:11     | Noticed a death knight
 12327 | D:11     | Killed a death knight
 12461 | D:11     | Noticed a cyan ugly thing
 12470 | D:11     | Killed a cyan ugly thing
 12608 | D:11     | Noticed a two-headed ogre
 12620 | D:11     | Killed a two-headed ogre
 12620 | D:11     | Reached ***** piety under Vehumet
 12692 | D:11     | Offered knowledge of Iskenderun's Battlesphere by Vehumet.
 12782 | Lair:1   | Entered Level 1 of the Lair of Beasts
 12977 | Lair:1   | Reached skill level 5 in Poison Magic
 13081 | Lair:1   | Reached skill level 5 in Dodging
 13087 | Lair:1   | Noticed a seven-headed hydra
 13107 | Lair:1   | Killed a seven-headed hydra
 13107 | Lair:1   | Gained mutation: You have razor-sharp toenails. [demonic
                  | ancestry]
 13107 | Lair:1   | Reached XP level 12. HP: 91/91 MP: 2/26
 13157 | Lair:1   | Noticed a five-headed hydra
 13359 | Lair:1   | Noticed a six-headed hydra
 13365 | Lair:1   | Killed a six-headed hydra
 13434 | Lair:1   | Killed a five-headed hydra
 13500 | Lair:1   | You fall into a shaft and drop 1 floor!
 15359 | Lair:3   | Found a staircase to the Snake Pit.
 15370 | Lair:3   | Reached skill level 10 in Fighting
 15707 | Lair:3   | Reached skill level 10 in Armour
 15707 | Lair:3   | Reached skill level 1 in Earth Magic
 16116 | Lair:4   | Found a staircase to the Shoals.
 16129 | Lair:4   | Offered knowledge of Iron Shot by Vehumet.
 16137 | Lair:4   | Learned a level 6 spell: Iron Shot
 16143 | Lair:4   | Learned a level 5 spell: Lee's Rapid Deconstruction
 16189 | Lair:4   | Reached XP level 13. HP: 103/103 MP: 23/27
 16986 | Lair:4   | Got a pitted platinum ring
 16987 | Lair:4   | Identified the ring "Xozefaota" {rElec Dex+3 SInv} (You
                  | found it on level 4 of the Lair of Beasts)
 17086 | Lair:4   | Reached skill level 5 in Earth Magic
 17809 | Lair:6   | Entered Level 6 of the Lair of Beasts
 17845 | Lair:6   | Found a staircase to the Slime Pits.
 18133 | Lair:6   | Noticed Nessos
 18149 | Lair:6   | Killed Nessos
 19285 | Lair:6   | Got a slimy dire flail
 19434 | Lair:6   | Identified the Grimoire of Nocuous Shape Shifting
 19437 | Lair:6   | Got a dull robe
 19438 | Lair:6   | Identified Xicehusm's Handbook of Vitriolic Cold
 19456 | Lair:6   | Identified the +1 robe of the Leaf {*Contam rN+ rCorr
                  | Str+5} (You found it on level 6 of the Lair of Beasts)
 19485 | Lair:6   | Gained mutation: You occasionally shout uncontrollably at
                  | your foes. [mutagenic glow]
 19689 | Lair:6   | Noticed a dire elephant
 19739 | Lair:6   | Killed a dire elephant
 20169 | Orc:1    | Entered Level 1 of the Orcish Mines
 20171 | Orc:1    | Reached ****** piety under Vehumet
 20171 | Orc:1    | Offered knowledge of Conjure Ball Lightning by Vehumet.
 20198 | Orc:1    | Found a bloodstained altar of Trog.
 20365 | Orc:2    | Entered Level 2 of the Orcish Mines
 20373 | Orc:2    | Gained mutation: You are immune to rotting. [demonic
                  | ancestry]
 20373 | Orc:2    | Reached XP level 14. HP: 99/110 MP: 27/29
 20407 | Orc:1    | Found Wiej's Book Shop.
 21107 | Orc:2    | Found a staircase to the Elven Halls.
 21314 | Orc:2    | Offered knowledge of Freezing Cloud by Vehumet.
 21553 | Orc:2    | Noticed an orc warlord
 21573 | Orc:2    | Killed an orc warlord
 22231 | Orc:2    | Offered knowledge of Spellforged Servitor by Vehumet.
 22267 | Orc:2    | Found Niocraug's General Store.
 22268 | Orc:2    | Found Yteehaun's Jewellery Shoppe.
 22269 | Orc:2    | Found Neotogow's Antique Armour Emporium.
 22269 | Orc:2    | Found Vagot's Antique Weapon Emporium.
 23137 | D:12     | Offered knowledge of Bolt of Cold by Vehumet.
 23785 | D:13     | Found a glowing golden altar of the Shining One.
 23891 | D:13     | HP: 4/110 [manticore (13)]
 23891 | D:13     | Slain by a manticore

Levels and vault maps discovered:
D:1:      roderic_crossed_star, layout_loops_cross
D:2:      lemuel_upstairs_altar, layout_basic, uniq_sigmund, uniq_natasha
D:3:      layout_rooms, nicolae_overflow_crystal_walls,
          chequers_temple_overflow_statue_of_worship, first_ration,
          kennysheep_decorative_pillar, minmay_increasing_density
D:4:      kennysheep_kobold_camp, layout_basic, gammafunk_temple_overflow_wave,
          minmay_temple_entry_junction_2, uniq_ijyb, uniq_edmund
D:5:      layout_loops_ring, uniq_menkaure
D:6:      layout_basic, dancing_weapons_uskayaw, uniq_duvessa
D:7:      layout_gridville
D:8:      layout_gridville, uniq_pikel, uniq_psyche
D:9:      layout_gridville, elyvilon_altar_3, lemuel_zombie_altar_kikubaaqudgha,
          orc_0_dummy, gammafunk_ghost_arena, blue_anna_alchemist
          [blue_anna_fruit_fields, blue_anna_fruit_fields]
D:10:     layout_roguey, david_lair_generic
D:11:     layout_roguey
D:12:     layout_layer_cave, hangedman_decor_clover_reticule
D:13:     layout_long_grid, tso_metal_star
Lair:1:   lemuel_slime, layout_regular_city
Lair:2:   layout_chaotic_city
Lair:3:   layout_regular_city, minmay_snake_entry_six_corridors,
          infiniplex_staircase_pool
Lair:4:   layout_misc_corridors, minmay_shoals_entry_centaurs,
          fungi_pond_lemuel, minmay_lindwurm_lava
Lair:5:   wander_river, layout_misc_corridors, roderic_carrion_pond
Lair:6:   gammafunk_lair_ancient_temple, layout_regular_city,
          nicolae_slime_entry_slimehenge, chequers_serial_rivers_small_a,
          hangedman_lair_unloving_vines, serial_bayou_shore_b, uniq_nessos
Orc:1:    layout_caves, serial_shops, shop, basic_altar
Orc:2:    st_orc_congregation, layout_diamond_mine

Skill      XL: |  1  2  3  4  5  6  7  8  9 10 11 12 13 14 |
---------------+-------------------------------------------+-----
Stealth        | 2 |  2.0
Dodging        | 2 5 |  5.0
Conjurations   | 2 3 4 5 6 8 10 11 12 | 12.9
Fighting       | 1 2 3 4 5 7 10 | 10.0
Spellcasting   | 4 5 6 7 10 11 12 | 12.4
Armour         | 1 4 5 7 10 | 10.0
Translocations | 3 |  3.2
Poison Magic   | 3 5 |  5.0
Earth Magic    | 2 8 |  8.0
Summonings     | |  1.0

Action                   |  1- 3 |  4- 6 |  7- 9 | 10-12 | 13-15 || total
-------------------------+-------+-------+-------+-------+-------++-------
Melee: Short sword       |    17 |    40 |       |       |       ||    57
       Dagger            |       |    39 |       |       |       ||    39
       Whip              |       |       |   113 |       |       ||   113
       Long sword        |       |       |    37 |   386 |   321 ||   744
       Kick              |       |       |       |    95 |   106 ||   201
Throw: Dart              |       |       |    19 |     3 |    10 ||    32
       Javelin           |       |       |     8 |    23 |     8 ||    39
       Boomerang         |       |       |     1 |     1 |       ||     2
 Cast: Magic Dart        |    96 |   130 |   221 |    34 |       ||   481
       Mephitic Cloud    |     1 |    12 |    44 |    44 |    37 ||   138
       Blink             |       |     2 |     9 |     6 |    12 ||    29
       Conjure Flame     |       |     1 |     8 |       |       ||     9
       Call Imp          |       |       |     1 |       |       ||     1
       Stone Arrow       |       |       |     9 |   153 |   229 ||   391
       Ignite Poison     |       |       |       |    18 |    20 ||    38
       Olgreb's Toxic Ra |       |       |       |    13 |    62 ||    75
       Fulminant Prism   |       |       |       |     3 |     1 ||     4
       Lee's Rapid Decon |       |       |       |       |     1 ||     1
Evoke: Wand              |     1 |     9 |     2 |     2 |    14 ||    28
       Fan of gales      |       |       |       |       |     1 ||     1
       Lamp of fire      |       |       |       |       |     1 ||     1
  Use: Scroll            |       |     9 |     5 |    12 |     4 ||    30
       Potion            |       |       |       |       |     1 ||     1
 Stab: Confused          |       |     5 |     6 |     8 |     5 ||    24
       Sleeping          |       |     1 |     1 |       |       ||     2
       Fleeing           |       |     1 |       |       |       ||     1
       Distracted        |       |       |     1 |       |       ||     1
  Eat: Chunk             |     2 |     8 |    18 |    23 |    24 ||    75
Armor: Robe              |     1 |    12 |    16 |       |       ||    29
       Scale mail        |       |       |       |   186 |   153 ||   339
Dodge: Dodged            |    17 |    51 |    97 |   203 |   221 ||   589
Block: Other             |     2 |    20 |    38 |   165 |   139 ||   364
       Rpst.: Long sword |       |       |    13 |    58 |    55 ||   126

Table legend:
 A = Non-vault XP
 B = Vault XP
 C = Vault XP percentage of total XP
 D = Non-vault monster count
 E = Vault monster count
 F = Vault count percentage of total count
                 A         B        C        D         E       F
            +---------+---------+-------+---------+---------+-------
      Total |   58713 |   32173 |  35.4 |     488 |     190 |  28.0
            +---------+---------+-------+---------+---------+-------
        D:1 |      68 |       0 |   0.0 |      33 |       0 |   0.0
        D:2 |     113 |     178 |  61.2 |      24 |       2 |   7.7
        D:3 |      59 |      30 |  33.7 |      16 |       8 |  33.3
        D:4 |     530 |     316 |  37.4 |      13 |      22 |  62.9
        D:5 |     589 |     165 |  21.9 |      12 |       1 |   7.7
        D:6 |     897 |     198 |  18.1 |      24 |       2 |   7.7
        D:7 |    2000 |       0 |   0.0 |      32 |       0 |   0.0
        D:8 |     798 |    1022 |  56.2 |      17 |       2 |  10.5
        D:9 |    1395 |     112 |   7.4 |      27 |       5 |  15.6
       D:10 |    2551 |     926 |  26.6 |      26 |       4 |  13.3
       D:11 |    5889 |       0 |   0.0 |      34 |       0 |   0.0
       D:12 |    5818 |       0 |   0.0 |      48 |       0 |   0.0
       D:13 |    2426 |       0 |   0.0 |       4 |       0 |   0.0
     Lair:1 |    8752 |     498 |   5.4 |      34 |      14 |  29.2
     Lair:2 |    3738 |       0 |   0.0 |      16 |       0 |   0.0
     Lair:3 |    4833 |    1689 |  25.9 |      21 |      12 |  36.4
     Lair:4 |    3636 |    3049 |  45.6 |      18 |       8 |  30.8
     Lair:5 |    1554 |     758 |  32.8 |       8 |       6 |  42.9
     Lair:6 |    6254 |   11090 |  63.9 |      15 |      33 |  68.8
      Orc:1 |    3363 |       0 |   0.0 |      38 |       0 |   0.0
      Orc:2 |    3450 |   12142 |  77.9 |      28 |      71 |  71.7
            +---------+---------+-------+---------+---------+-------
